 Dungeon Crawl Stone Soup version 0.31.0-12-g77e489cdc1 (webtiles) character file.

Game seed: 4285969357563172311

105 lordive the Insei (level 4, -2/28 HPs)
             Began as an Octopode Shapeshifter on Feb 29, 2024.
             Slain by a gnoll
             ... wielding a +0 whip
              (10 damage)
             ... on level 3 of the Dungeon.
             The game lasted 00:03:11 (1951 turns).

lordive the Insei (Octopode Shapeshifter)           Turns: 1951, Time: 00:03:11

Health: -2/28      AC:  1    Str: 13    XL:     4   Next: 81%
Magic:  4/4        EV: 13    Int: 12    God:
Gold:   144        SH:  0    Dex: 13    Spells: 3/3 levels left

rFire   . .          .
                       - Unarmed
rCold   . . .        (no shield)
rNeg    . . .        (helmet currently unavailable)
rPois   .            (no amulet)
rElec   .            f - ring of resist corrosion
rCorr   +            (no ring)
SInv    .            (no ring)
Will    .....        (no ring)
Stlth   ++           (no ring)
HPRegen 0.24/turn    (no ring)
MPRegen 0.09/turn    (no ring)
                     (no ring)

%: no passive effects
@: beast-form
A: beast (slay +2), almost no armour, amphibious, 8 rings, camouflage 1,
gelatinous body 1, (nimble swimmer 1), tentacles
a: Begin Untransformation


You were on level 3 of the Dungeon.
You were a hulking beast.
You visited 1 branch of the dungeon, and saw 3 of its levels.

You collected 144 gold pieces.

Inventory:

Armour
 e - an orb of light
Jewellery
 f - a ring of resist corrosion (left tentacle)
Talismans
 b - a beast talisman
 c - a flux talisman
Scrolls
 d - a scroll of enchant armour {unknown}
 h - a scroll of immolation {unknown}
 i - a scroll of identify {unknown}
Potions
 a - a potion of lignification
 g - 3 potions of curing {unknown}
 j - 2 potions of might {unknown}


   Skills:
 + Level 1.0 Fighting
 + Level 2.7 Dodging
 + Level 4.0 Unarmed Combat
 * Level 4.0 Shapeshifting


You had 3 spell levels left.
You didn't know any spells.
Your spell library contained the following spells:

 Spells                   Type           Power      Damage    Failure   Level
 Apportation              Tloc           0%         N/A       32%         1
 Shock                    Conj/Air       0%         1d3       32%         1
 Ensorcelled Hibernation  Hex/Ice        0%         N/A       45%         2
 Jinxbite                 Hex            0%         N/A       45%         2
 Fugue of the Fallen      Necr           0%         N/A       69%         3
 Swiftness                Air            0%         N/A       69%         3
 Airstrike                Air            0%         2d(0-16)  97%         4
 Anguish                  Hex/Necr       0%         N/A       97%         4
 Alistair's Intoxication  Alch           0%         N/A       100%        5


Dungeon Overview and Level Annotations

Branches:
Dungeon (3/15)

Altars:
Yredelemnul

Annotations:
D:3 1 runed translucent door


Innate Abilities, Weirdness & Mutations

You are a hulking beast.
Your limbs bulge with bestial killing power. (Slay +2)
You cannot wear most types of armour.
You are amphibious.
You can wear up to eight rings at the same time.
Your skin changes colour to match your surroundings (Stealth+).
Your rubbery body absorbs attacks. (AC +1, EV +1)
((You are camouflaged when in or above water. (Stealth+)))
You have tentacles for arms and can constrict up to eight enemies at once.


Message History

No target in view!
No target in view!
No target in view!
No target in view!
No target in view!
No target in view!
No target in view!
No target in view!
You sense Yredelemnul urging you to kill the trapped human.
Found a leather armour.
Found a basalt altar of Yredelemnul.
You see here a staff of earth. 2 gnolls come into view.
The gnoll shouts!
A bat comes into view.
The bat closely misses you.
A gnoll comes into view. It is wielding a +0 spear.
There are monsters nearby!
You barely miss the bat.
The gnoll shouts!
Your grab misses the bat. You squeeze the bat.
You kill the bat!
A gnoll comes into view. It is wielding a +0 halberd.
Okay, then.
Okay, then.
You start putting on your armour.
You continue putting on your orb of light. x2
The gnoll hits you with a +0 whip!
You stop putting on your armour.
You barely miss the gnoll. Your grab misses the gnoll.
The gnoll hits you with a +0 whip! The gnoll attacks as it pursues you!
The gnoll closely misses you. The gnoll attacks as it pursues you!
The gnoll misses you. The gnoll attacks as it pursues you!
The gnoll barely misses you.
You see here a staff of earth.
The gnoll attacks as it pursues you! The gnoll closely misses you.
The gnoll attacks as it pursues you! The gnoll hits you with a +0 whip!
The gnoll attacks as it pursues you! The gnoll hits you with a +0 whip.
* * * LOW HITPOINT WARNING * * *
The gnoll attacks as it pursues you! The gnoll hits you with a +0 whip!
You die...

#...###############
#..........#.......
#...######.........
###.### ###......# # ###
#.....# #....###.# . ..#
######.....# #......... #
#.# #....g.....#
#....###.# # #.#
#.####.....######.).# #.#
# #.# #.#
#.gh......##...###.#
###.#####g#
######.###.##.....#.#
....g.g...# #....(.#
#.##........ .##.#####.#
#.####.###...........
.##.# ##.###.#
#......#.###.###
.##.####...##.# ###.##...#
#.# # .##.#....#....#
#....†## #.# #
.###.......##.##########.#
#.# # ## #......###......#
#.# .


You could see 2 gnolls.

Vanquished Creatures
  4 adders
  A dart slug (D:2)
  5 ball pythons
  7 endoplasms
  5 giant cockroaches
  3 goblins
  A hobgoblin (D:2)
  14 jackals
  4 quokkas
  4 bats
  5 frilled lizards
  2 kobolds
  6 rats
61 creatures vanquished.

Notes
Turn   | Place    | Note
-------+----------+-------------------------------------------
     0 | D:1      | lordive the Octopode Shapeshifter began the quest for the
                  | Orb.
     0 | D:1      | Reached XP level 1. HP: 13/13 MP: 1/1
   141 | D:1      | You fall into a shaft and drop 1 floor!
   153 | D:2      | Reached XP level 2. HP: 15/18 MP: 2/2
   249 | D:2      | Reached XP level 3. HP: 11/23 MP: 3/3
   814 | D:1      | Noticed a glass eye
   818 | D:1      | Found a faded altar of an unknown god.
   820 | D:1      | Noticed an eye of devastation
   820 | D:1      | Noticed a great orb of eyes
   820 | D:1      | Noticed a golden eye
   826 | D:1      | Reached XP level 4. HP: 28/28 MP: 4/4
  1815 | D:3      | Found a runed translucent door.
  1831 | D:3      | Noticed a human
  1834 | D:3      | Found a basalt altar of Yredelemnul.
  1951 | D:3      | Slain by a gnoll

Illustrated notes

Levels and vault maps discovered:
D:1:      sevenhm_arrival_forest_fort_large_2, layout_loops_ring,
          hellmonk_ecumenical_altar_watching_god, hangedman_decor_lopped,
          serial_park_tiny_1, minmay_pentomino_z4
D:2:      layout_rooms, grunt_decor_mini_mirrors
D:3:      layout_loops_ring, dk_yredelemnul_ordeal,
          nicolae_ru_sacrificial_ziggurat, minmay_misc_feat_chi,
          nicolae_concentric_dashed_squares_mild, kennysheep_crisscross

Skill      XL: |  1  2  3  4 |
---------------+-------------+-----
Unarmed Combat | 4 |  4.0
Shapeshifting  | 4 |  4.0
Fighting       | |  1.0
Dodging        | |  2.7

Action                     |  1- 3 |  4- 6 || total
---------------------------+-------+-------++-------
  Melee: Unarmed           |    71 |    41 ||   112
         Constrict         |    16 |    12 ||    28
         Tentacles         |    15 |     9 ||    24
   Stab: Sleeping          |     6 |     5 ||    11
 Armour: Skin              |    18 |    22 ||    40
  Dodge: Dodged            |    38 |    19 ||    57
